 Dungeon Crawl Stone Soup version 0.31-a0-1202-ga8fea8b373 (webtiles) character file.

Game seed: 12404939569388693516

2382 kae the Sneak (level 9, 0/65 HPs)
             Began as a Demonspawn Enchanter on Dec 12, 2023.
             Killed by divine providence
             ... invoked by an orc priest
              (12 damage)
             ... on level 7 of the Dungeon.
             The game lasted 00:09:25 (6794 turns).

kae the Sneak (Demonspawn Enchanter)                Turns: 6794, Time: 00:09:25

Health: 0/65       AC: 13    Str:  8    XL:     9   Next: 22%
Magic:  24/24      EV: 12    Int: 16    God:
Gold:   391        SH:  4    Dex: 18    Spells: 5/16 levels left

rFire   + . .        a - +1 dagger
rCold   . . .        (no shield)
rNeg    . . .        f - +3 ring mail {rF+}
rPois   .            o - +0 hat
rElec   .            (no cloak)
rCorr   .            (no gloves)
SInv    .            k - +0 pair of boots
Will    .....        j - amulet of magic regeneration
Stlth   +++          W - ring of magical power
HPRegen 0.30/turn    (no ring)
MPRegen 0.59/turn

%: no passive effects
@: no status effects
A: antennae 1, repulsion field 1, icemail 1, condensation shield
a: no special abilities


You were on level 7 of the Dungeon.
You visited 2 branches of the dungeon, and saw 8 of its levels.

You collected 391 gold pieces.


Innate Abilities, Weirdness & Mutations

You have a pair of small antennae on your head.
You are surrounded by a mild repulsion field. (EV +2)
A meltable icy envelope protects you from harm. (AC +4)
A meltable shield of frost defends you. (SH +4)


   Skills:
 + Level 4.1 Fighting
 * Level 5.6 Short Blades
 + Level 3.6 Armour
 - Level 1.7 Dodging
 * Level 6.7 Stealth
 + Level 4.3 Spellcasting
 + Level 5.2 Hexes


You had 5 spell levels left.
You knew the following spells:

 Your Spells              Type           Power      Damage    Failure   Level
a - Ensorcelled Hibernat  Hex/Ice        22%        N/A       24%         2
b - Confusing Touch       Hex            20%        N/A       16%         3
c - Tukima's Dance        Hex            20%        N/A       16%         3
d - Dazzling Flash        Conj/Hex       22%        N/A       43%         3

Your spell library contained the following spells:

 Spells                   Type           Power      Damage    Failure   Level
 Magic Dart               Conj           12%        1d3       41%         1
 Summon Small Mammal      Summ           12%        N/A       41%         1
 Summon Guardian Golem    Hex/Summ       11%        N/A       43%         3
 Blink                    Tloc           6%         N/A       56%         2
 Call Imp                 Summ           6%         N/A       56%         2
 Call Canine Familiar     Summ           3%         N/A       80%         3
 Mephitic Cloud           Conj/Pois/Air  3%         N/A       80%         3
 Manifold Assault         Tloc           3%         N/A       99%         4

Inventory:

Hand Weapons
 a - a +1 dagger (weapon)
Missiles
 d - 49 stones
 h - 4 throwing nets {=f!f}
 m - 10 javelins
 p - 8 boomerangs
 q - 6 poisoned darts
Armour
 b - a +0 robe
 f - a +3 ring mail of fire resistance (worn)
   (You found it on level 2 of the Dungeon)
 k - a +0 pair of boots (worn)
   (You found it on level 3 of the Dungeon)
 o - a +0 hat (worn)
   (You found it on level 4 of the Dungeon)
Magical Staves
 n - a staff of death {!a}
   (You found it on level 3 of the Dungeon)
Jewellery
 j - an amulet of magic regeneration (around neck)
   (You found it on level 2 of the Dungeon)
 C - a ring of ice
   (You found it on level 6 of the Dungeon)
 W - a ring of magical power (left hand)
   (You found it on level 1 of the Dungeon)
Wands
 v - a wand of charming (2)
   (You found it on level 6 of the Dungeon)
Scrolls
 e - a scroll of amnesia {unknown}
 i - a scroll of poison {!r}
 t - 2 scrolls of teleportation {@r4}
 u - a scroll of enchant armour
 w - a scroll of fear
Potions
 c - a potion of invisibility
 g - a potion of haste {@q3}
 l - 2 potions of might
 r - 2 potions of berserk rage {!q}
 s - 2 potions of curing {@q1}
 x - 2 potions of degeneration {!q}

Dungeon Overview and Level Annotations

Branches:
Dungeon (7/15) Zot: 26844  Temple (1/1) D:4 Zot: 5998

Altars:
Ashenzari
Cheibriados
Gozag
Hepliaklqana
Kikubaaqudgha
Makhleb
Nemelex Xobeh
Okawaru
Qazlal
Ru
Uskayaw
Vehumet
Xom
Yredelemnul

#..# ..# ..# ..# #.# #o#
#o# #@# #.# #.# #.# #.
###'######## #.
#..........# #.
#..........# #.
#..........#
######.######..........###


You could see an orc priest and an orc.


Message History

The orc priest hits you but does no damage.
You hit the orc priest but do no damage.
You hit the orc priest but do no damage.
You punch the orc priest, but do no damage.
The orc priest hits you but does no damage.
You barely miss the orc priest.
The orc priest hits you but does no damage. 😕 HP[+1]
You hit the orc priest.
The orc priest invokes the aid of Beogh against you.
Beogh smites you!
An orc comes into view. It is wielding a +0 dagger.
You are too injured to fight recklessly! 😮 HP[-9]
You take 9 damage, and now have 44/65 hp.
You barely miss the orc priest. The orc priest closely misses you.
You hit the orc priest but do no damage.
You are too injured to fight recklessly!
You are too injured to fight recklessly!
You are too injured to fight recklessly!
You are too injured to fight recklessly!
You hit the orc priest but do no damage.
The orc priest barely misses you. 😮 HP[+1]
You hit the orc priest but do no damage.
The orc priest hits you but does no damage.
You are too injured to fight recklessly!
You are too injured to fight recklessly!
You barely miss the orc priest.
You hit the orc priest but do no damage.
The orc priest hits you but does no damage.
You hit the orc priest but do no damage.
The orc priest hits you with a +0 short sword. 😮 HP[-2]
You take 2 damage, and now have 43/65 hp.
You closely miss the orc priest. 😮 HP[+1]
You hit the orc priest but do no damage.
The orc priest hits you with a +0 short sword. 😮 HP[-2]
You take 2 damage, and now have 42/65 hp.
You hit the orc priest but do no damage.
The orc priest hits you but does no damage.
You barely miss the orc priest.
The orc priest hits you with a +0 short sword. 😮 HP[-2]
You take 2 damage, and now have 40/65 hp.
You hit the orc priest but do no damage. 😮 HP[+1]
You completely miss the orc priest.
The orc priest mumbles some strange prayers to Beogh against you.
Pain shoots through your body!
You hit the orc priest but do no damage.
The orc priest closely misses you.
You hit the orc priest. The orc priest misses you. 😮 HP[-8]
You take 8 damage, and now have 33/65 hp.
You hit the orc priest but do no damage.
You hit the orc priest but do no damage.
The orc priest hits you but does no damage. 😮 HP[+1]
You hit the orc priest but do no damage.
The orc priest barely misses you.
You closely miss the orc priest. You block the orc priest's attack.
You hit the orc priest but do no damage.
You hit the orc priest.
The orc priest hits you with a +0 short sword.
You hit the orc priest but do no damage.
The orc priest misses you.
You closely miss the orc priest.
You hit the orc priest but do no damage.
The orc priest invokes the aid of Beogh against you.
Beogh smites you!
* * * LOW HITPOINT WARNING * * *
You hit the orc priest but do no damage.
The orc priest hits you but does no damage. 😨 HP[-12]
You take 12 damage, and now have 22/65 hp.
You hit the orc priest but do no damage. 😨 HP[+1]
You hit the orc priest but do no damage.
The orc priest closely misses you.
You closely miss the orc priest. The orc priest closely misses you.
You hit the orc priest.
The orc priest calls down the wrath of Beogh upon you.
Beogh smites you!
* * * LOW HITPOINT WARNING * * *
You hit the orc priest but do no damage. 😱 HP[-12]
You take 12 damage, and now have 11/65 hp.
You closely miss the orc priest.
The orc priest calls down the wrath of Beogh upon you.
You struggle to resist.
You hit the orc priest but do no damage.
The orc priest hits you but does no damage. 😱 HP[+1]
You hit the orc priest but do no damage.
The orc priest mumbles some strange prayers to Beogh against you.
Beogh smites you!
You die...

Skill      XL: |  1  2  3  4  5  6  7  8  9 |
---------------+----------------------------+-----
Short Blades   | 1 2 3 4 5 |  5.6
Stealth        | 3 4 5 6 |  6.7
Fighting       | 1 2 3 4 |  4.1
Armour         | 1 2 3 |  3.6
Spellcasting   | 3 4 |  4.3
Hexes          | 4 5 |  5.2
Dodging        | |  1.7

Action                     |  1- 3 |  4- 6 |  7- 9 || total
---------------------------+-------+-------+-------++-------
  Melee: Dagger            |    92 |   346 |   450 ||   888
         Punch             |     1 |     3 |     7 ||    11
   Cast: Ensorcelled Hiber |     2 |       |    67 ||    69
         Confusing Touch   |       |     2 |     9 ||    11
    Use: Scroll            |     2 |     7 |     4 ||    13
         Potion            |     1 |       |     1 ||     2
   Stab: Sleeping          |     6 |     1 |    42 ||    49
         Invisible         |     5 |       |       ||     5
         Confused          |       |     4 |     8 ||    12
 Armour: Robe              |    22 |       |       ||    22
         Ring mail         |    13 |   189 |   295 ||   497
  Dodge: Dodged            |    39 |   185 |   215 ||   439
  Block: Other             |    12 |    42 |    79 ||   133

Levels and vault maps discovered:
D:1:      dpeg_arrival_round_a, layout_loops_corners,
          hellmonk_ecumenical_altar_run_dry, minmay_statues_item
D:2:      layout_loops_corners
D:3:      layout_basic, nicolae_yredelemnul_corpse_copse, serial_glass,
          glass_columns_c, glass_columns_a, minmay_fractal_squares_5,
          uniq_grinder
D:4:      layout_rooms, tgw_fedhas, gammafunk_temple_overflow_forgotten,
          minmay_temple_entry_sparse_star
D:5:      layout_basic, mainiacjoe_overflow_tiny_flanked, uniq_sigmund
D:6:      layout_loops_ring, kennysheep_potato
D:7:      layout_basic, hellmonk_sif_muna_bookshelves, uniq_crazy_yiuf_cottage,
          uniq_maggie
Temple:   minmay_freezing_vapour_temple

Notes
Turn   | Place    | Note
-------+----------+-------------------------------------------
     0 | D:1      | kae the Demonspawn Enchanter began the quest for the Orb.
     0 | D:1      | Reached XP level 1. HP: 13/13 MP: 3/3
     0 | D:1      | magus.rc [v1.11.3]
    59 | D:1      | Reached skill level 1 in Short Blades
    86 | D:1      | You pick up a book of Callings and begin reading...
    86 | D:1      | You add the spells Summon Small Mammal, Call Canine
                  | Familiar and Summon Guardian Golem to your library.
   213 | D:1      | Gained mutation: A meltable shield of frost defends you.
                  | (SH +4) [demonic ancestry]
   213 | D:1      | Reached XP level 2. HP: 20/20 MP: 5/5
   216 | D:1      | Learned a level 2 spell: Ensorcelled Hibernation
   223 | D:1      | Reached skill level 3 in Stealth
   755 | D:1      | Found a faded altar of an unknown god.
  1152 | D:2      | Gained mutation: A meltable icy envelope protects you from
                  | harm. (AC +4) [demonic ancestry]
  1152 | D:2      | Reached XP level 3. HP: 24/25 MP: 6/6
  1484 | D:2      | Reached skill level 1 in Fighting
  1487 | D:2      | Reached XP level 4. HP: 8/32 MP: 7/7
  2218 | D:2      | Reached skill level 2 in Short Blades
  2353 | D:3      | Noticed Grinder
  2368 | D:2      | Learned a level 3 spell: Confusing Touch
  2400 | D:3      | Identified the +1 spear of Extinguishment {drain, rN+ Str+3
                  | Dex+2}
  2530 | D:3      | Gained mutation: You have a pair of small antennae on your
                  | head. [demonic ancestry]
  2530 | D:3      | Reached XP level 5. HP: 26/37 MP: 8/8
  2661 | D:3      | You fall into a shaft and drop 1 floor!
  2663 | D:4      | Found a staircase to the Ecumenical Temple.
  2678 | D:4      | Reached skill level 1 in Armour
  2688 | Temple   | Entered the Ecumenical Temple
  2710 | D:4      | Noticed a phantom
  2718 | D:4      | Noticed an ice beast
  2735 | D:4      | Killed an ice beast
  2736 | D:4      | Reached skill level 4 in Stealth
  2736 | D:4      | Reached XP level 6. HP: 35/44 MP: 10/10
  2815 | D:3      | You pick up a book of Minor Magic and begin reading...
  2815 | D:3      | You add the spells Magic Dart, Call Imp and Mephitic Cloud
                  | to your library.
  3231 | D:3      | Paralysed by Grinder for 5 turns
  3248 | D:3      | Killed Grinder
  3249 | D:3      | Reached skill level 2 in Fighting
  3249 | D:3      | Reached skill level 3 in Short Blades
  3249 | D:3      | Reached skill level 3 in Spellcasting
  3249 | D:3      | Reached skill level 4 in Hexes
  3336 | D:3      | Reached XP level 7. HP: 48/51 MP: 11/11
  3375 | D:3      | Found a basalt altar of Yredelemnul.
  3625 | D:4      | Learned a level 3 spell: Tukima's Dance
  3629 | D:4      | Learned a level 3 spell: Dazzling Flash
  3705 | D:4      | Reached skill level 2 in Armour
  3775 | D:4      | Found an opulent altar of Gozag.
  3777 | D:4      | Found a broken altar of Ashenzari.
  3777 | D:4      | Found a radiant altar of Vehumet.
  3994 | D:4      | Reached skill level 5 in Stealth
  3998 | D:4      | HP: 11/51 [gnoll/+0 halberd[a gnoll bouda] (5)]
  4006 | D:4      | HP: 9/51 [gnoll/+0 halberd[a gnoll bouda] (6)]
  4405 | D:5      | Entered Level 5 of the Dungeon
  4671 | D:5      | Reached skill level 4 in Short Blades
  4708 | D:5      | Noticed Sigmund
  4739 | D:5      | Reached skill level 3 in Fighting
  4794 | D:5      | Reached XP level 8. HP: 57/58 MP: 13/13
  5480 | D:5      | Killed Sigmund
  5481 | D:5      | Reached skill level 3 in Armour
  5481 | D:5      | Reached skill level 6 in Stealth
  5611 | D:6      | Reached skill level 4 in Spellcasting
  5615 | D:6      | Reached skill level 5 in Short Blades
  5800 | D:6      | Reached skill level 5 in Hexes
  6139 | D:6      | Gained mutation: You are surrounded by a mild repulsion
                  | field. (EV +2) [demonic ancestry]
  6139 | D:6      | Reached XP level 9. HP: 51/65 MP: 4/15
  6208 | D:6      | You add the spells Blink and Manifold Assault to your
                  | library.
  6278 | D:6      | Reached skill level 4 in Fighting
  6790 | D:7      | HP: 11/65 [orc priest/divine providence (12)]
  6794 | D:7      | Killed from afar by an orc priest

Vanquished Creatures
  Grinder (D:3)
  Sigmund (D:5)
  3 water moccasins
  3 ice beasts
  A sky beast (D:7)
  2 centaurs (D:5)
  2 phantoms (D:4)
  A howler monkey (D:5)
  3 gnoll boudas
  5 hounds
  A jelly (D:7)
  3 orc priests
  A sleepcap (D:6)
  4 iguanas
  An orc wizard (D:6)
  17 gnolls
  16 adders
  2 white imps
  2 ufetubi (D:6)
  2 adder zombies (D:3)
  A worm (D:2)
  6 dart slugs
  19 orcs
  6 ball pythons
  3 endoplasms
  2 giant cockroaches (D:2)
  10 goblins
  7 hobgoblins
  12 jackals
  10 kobolds
  A quokka (D:1)
  4 bats
  2 frilled lizards (D:1)
  A giant cockroach zombie (D:3)
  3 rats (D:2)
158 creatures vanquished.

Table legend:
 A = Non-vault XP
 B = Vault XP
 C = Vault XP percentage of total XP
 D = Non-vault monster count
 E = Vault monster count
 F = Vault count percentage of total count
                 A         B        C        D         E       F
            +---------+---------+-------+---------+---------+-------
      Total |    2676 |     727 |  21.4 |     143 |      15 |   9.5
            +---------+---------+-------+---------+---------+-------
        D:1 |      35 |       0 |   0.0 |      17 |       0 |   0.0
        D:2 |     115 |       0 |   0.0 |      23 |       0 |   0.0
        D:3 |      87 |     346 |  79.9 |      26 |      12 |  31.6
        D:4 |     547 |       0 |   0.0 |      23 |       0 |   0.0
        D:5 |     797 |     239 |  23.1 |      23 |       1 |   4.2
        D:6 |     875 |     142 |  14.0 |      26 |       2 |   7.1
        D:7 |     220 |       0 |   0.0 |       5 |       0 |   0.0
            +---------+---------+-------+---------+---------+-------

Skill      XL: |  1  2  3  4  5  6  7  8  9 |
---------------+----------------------------+-----
Short Blades   | 1 2 3 4 5 |  5.6
Stealth        | 3 4 5 6 |  6.7
Fighting       | 1 2 3 4 |  4.1
Armour         | 1 2 3 |  3.6
Spellcasting   | 3 4 |  4.3
Hexes          | 4 5 |  5.2
Dodging        | |  1.7

Action                     |  1- 3 |  4- 6 |  7- 9 || total
---------------------------+-------+-------+-------++-------
  Melee: Dagger            |    92 |   346 |   450 ||   888
         Punch             |     1 |     3 |     7 ||    11
   Cast: Ensorcelled Hiber |     2 |       |    67 ||    69
         Confusing Touch   |       |     2 |     9 ||    11
    Use: Scroll            |     2 |     7 |     4 ||    13
         Potion            |     1 |       |     1 ||     2
   Stab: Sleeping          |     6 |     1 |    42 ||    49
         Invisible         |     5 |       |       ||     5
         Confused          |       |     4 |     8 ||    12
 Armour: Robe              |    22 |       |       ||    22
         Ring mail         |    13 |   189 |   295 ||   497
  Dodge: Dodged            |    39 |   185 |   215 ||   439
  Block: Other             |    12 |    42 |    79 ||   133

Illustrated notes

Table legend:
 A = Kills in this place as a percentage of kills in the entire game.
 B = Kills by you in this place as a percentage of kills by you in the entire game.
 C = Kills by friends in this place as a percentage of kills by friends in the entire game.
 D = Other kills in this place as a percentage of other kills in the entire game.
 E = Experience gained in this place as a percentage of experience gained in the entire game.
 F = Experience gained in this place divided by the number of levels of this place that you have seen.
                   A       B       C       D       E      F
               +-------+-------+-------+-------+-------+----------------------
         Total | 100.0 | 100.0 |   N/A |   N/A | 100.0 | 425.4
       Dungeon | 100.0 | 100.0 |   N/A |   N/A | 100.0 | 486.1
               +-------+-------+-------+-------+-------+----------------------

Table legend: (Time is in decaauts)
 A = Elapsed time spent in this place.
 B = Non-inter-level travel time spent in this place.
 C = Inter-level travel time spent in this place.
 D = Time resting spent in this place.
 E = Time spent auto-exploring this place.
 F = Levels seen in this place.
 G = Mean time per level.
                   A        B        C        D        E       F      G
               +--------+--------+--------+--------+--------+-----+--------+
         Total |   6655 |   6381 |    274 |     78 |   4702 |   8 |  831.9 |
       Dungeon |   6654 |   6380 |    274 |     78 |   4702 |   7 |  950.6 |
        Temple |      1 |      1 |      0 |      0 |      0 |   1 |    1.0 |
               +--------+--------+--------+--------+--------+-----+--------+

Top non-repeatable levels by time:
     D:2: 1196 daAuts
     D:3: 1143 daAuts
     D:1: 1113 daAuts
     D:5: 1096 daAuts
     D:6: 1065 daAuts
     D:4: 884 daAuts
     D:7: 155 daAuts
  Temple: 1 daAuts
